 Dungeon Crawl Stone Soup version 0.28-a0-1638-g9123634e07 (webtiles) character file.

Game seed: 16941100521474542337

35 vishdafish the Skirmisher (level 3, 0/31 HPs)
             Began as a Palentonga Fighter on Jan 25, 2022.
             Killed by nerve-wracking pain
             ... invoked by Jessica
              (11 damage)
             ... on level 2 of the Dungeon.
             The game lasted 00:01:25 (1573 turns).

vishdafish the Skirmisher (Palentonga Fighter)      Turns: 1573, Time: 00:01:25

Health: 0/31       AC:  6    Str: 21    XL:     3   Next: 17%
Magic:  12/12      EV:  7    Int:  8    God:
Gold:   23         SH:  4    Dex:  9    Spells: 2/2 levels left

rFire   . . .      SeeInvis +   a - +0 long sword
rCold   . . .      Faith    .   c - +0 buckler
rNeg    . . .      Spirit   .   b - +0 scale mail
rPois   .          Reflect  .   (no helmet)
rElec   .          Harm     .   (no cloak)
rCorr   .          Rampage  .   (no gloves)
Will    .....                   (no barding)
Stlth   ..........              (no amulet)
HPRegen 0.10/turn               h - ring of magical power
MPRegen 0.13/turn               (no ring)

@: slowed, very slow
A: large, rugged brown scales 3, see invisible, deformed body, roll 1, armoured
tail
a: Rolling Charge


You were on level 2 of the Dungeon.
You visited 1 branch of the dungeon, and saw 2 of its levels.

You collected 23 gold pieces.

Inventory:

Hand Weapons
 a - a +0 long sword (weapon)
Armour
 b - a +0 scale mail (worn)
 c - a +0 buckler (worn)
Jewellery
 h - a ring of magical power (left hand)
Scrolls
 f - a scroll of identify {unknown}
 i - a scroll of fear {unknown}
 j - a scroll of brand weapon {unknown}
 l - a scroll of blinking {unknown}
Potions
 d - a potion of might
 e - a potion of mutation {unknown}
 g - 2 potions of lignification {unknown}
 k - a potion of degeneration {unknown}


   Skills:
 + Level 3.2 Fighting
 * Level 2.7 Long Blades
 + Level 2.7 Armour
 + Level 2.7 Shields


You had 2 spell levels left.
You didn't know any spells.
Your spell library was empty.

Dungeon Overview and Level Annotations

Branches:
Dungeon (2/15)

Altars:

Annotations:
D:2 Jessica


Innate Abilities, Weirdness & Mutations

You are completely covered in rugged brown scales. (AC +3, +7% HP)
You have supernaturally acute eyesight. (SInv)
Armour fits poorly on your strangely shaped body.
You can roll at nearby foes to attack.
You have a long armoured tail.


Message History

Aim: an orc, wielding a +0 flail and quivering boomerangs of dispersal You roll forward with a clatter of scales!
You barely miss the orc. You block the orc's attack.
You closely miss the orc. You tail-slap the orc!
You kill the orc!
Things that are here:
a +0 flail; 2 boomerangs of dispersal; an orc corpse You closely miss Jessica.
Jessica hits you with a +1 dagger of speed.
Jessica points at you and mumbles some strange words.
Pain shoots through your body!
You closely miss Jessica. You tail-slap Jessica.
Jessica is moderately wounded.
Jessica barely misses you.
Jessica hits you with a +1 dagger of speed.
You hit Jessica.
Jessica is heavily wounded.
You block Jessica's attack. Jessica gestures at you while chanting.
You feel yourself slow down.
You closely miss Jessica.
Jessica is heavily wounded.
Jessica gestures at you while chanting. Pain shoots through your body!
You block Jessica's attack.
You are too injured to fight recklessly!
You are too injured to fight recklessly!
You are too injured to fight recklessly!
You are too injured to fight recklessly!
You are too injured to fight recklessly!
You are too injured to fight recklessly!
You are too injured to fight recklessly!
You are too injured to fight recklessly!
You are too injured to fight recklessly!
You are too injured to fight recklessly!
Unknown command.
You barely miss Jessica.
Jessica is heavily wounded.
Jessica casts a spell at you. Pain shoots through your body!
You die...

.# .# ###.# ....#### ###
........ ..# .....####
####.# .........[.. ....#
.....# ... #.@# #
†..#.#####.# #.@##.#
...........# #.....#
####.#####.# ##.#### ##.#
#.# ##.## #
##.#####.####...##
###.<.......##.#.#.##
.###########.....##.#####.#
.# #.............# .#
##.#####.#####.#


You could see Jessica.

Vanquished Creatures
  A worm (D:2)
  A dart slug (D:2)
  An orc (D:2)
  2 endoplasms
  A giant cockroach (D:1)
  2 hobgoblins (D:2)
  3 jackals (D:1)
  4 ball pythons
  5 bats
  A goblin (D:1)
  4 kobolds
  5 rats (D:1)
30 creatures vanquished.

Notes
Turn   | Place    | Note
-------+----------+-------------------------------------------
     0 | D:1      | vishdafish the Palentonga Fighter began the quest for the
                  | Orb.
     0 | D:1      | Reached XP level 1. HP: 19/19 MP: 1/1
   356 | D:1      | Reached XP level 2. HP: 25/25 MP: 2/2
  1278 | D:2      | Found a faded altar of an unknown god.
  1430 | D:2      | Reached XP level 3. HP: 29/31 MP: 3/3
  1565 | D:2      | Noticed Jessica
  1573 | D:2      | Killed from afar by Jessica

Illustrated notes

Levels and vault maps discovered:
D:1:      lightli_arrival_lavapool, layout_basic
D:2:      minmay_alternating_diamond, layout_loops_ring,
          hellmonk_ecumenical_altar_slurped_away, uniq_crazy_yiuf_cottage,
          uniq_jessica

Action                   || total
-------------------------++-------
Melee: Long sword        ||    84
       Tailslap          ||     6
 Abil: Rolling Charge    ||     4
Armor: Scale mail        ||    38
Dodge: Dodged            ||    37
Block: Buckler           ||    14

Table legend: (Time is in decaauts)
 A = Elapsed time spent in this place.
 B = Non-inter-level travel time spent in this place.
 C = Inter-level travel time spent in this place.
 D = Time resting spent in this place.
 E = Time spent auto-exploring this place.
 F = Levels seen in this place.
 G = Mean time per level.
                   A        B        C        D        E       F      G
               +--------+--------+--------+--------+--------+-----+--------+
         Total |   1598 |   1513 |     85 |      0 |   1311 |   2 |  799.0 |
       Dungeon |   1598 |   1513 |     85 |      0 |   1311 |   2 |  799.0 |
               +--------+--------+--------+--------+--------+-----+--------+

Top non-repeatable levels by time:
     D:1: 1140 daAuts
     D:2: 458 daAuts
